 Dungeon Crawl Stone Soup version 0.27-a0-1324-ge0d8e047f6 (webtiles) character file.

Game seed: 6430063189346073412

299758 Delamore the Warrior (level 21, -4/157 (183) HPs)
             Began as a Formicid Fighter on June 23, 2021.
             Was an Initiate of Gozag.
             Killed from afar by a halazid warlock (35 damage)
             ... with a bolt of negative energy
             ... in the Desolation of Salt.
             The game lasted 01:01:26 (37424 turns).

Delamore the Warrior (Formicid Fighter)            Turns: 37424, Time: 01:01:26

HP:   -4/157 (183)  AC: 36    Str: 40    XL:     21   Next: 90%
MP:   21/21         EV: 11    Int: 12    God:    Gozag
Gold: 309           SH: 24    Dex: 10    Spells: 20/20 levels left

rFire    + . .     SeeInvis +   b - +8 demon trident "Wosuc" {elec, Drain Str+6 Stlth+}
rCold    + . .     Faith    .   J - +9 kite shield of Twilight {rC++}
rNeg     . . .     Spirit   .   w - +9 plate armour of Rotten Brilliance {+Blink rC- rCorr}
rPois    .         Reflect  .   (helmet unavailable)
rElec    .         Harm     .   n - +2 cloak {Will+}
rCorr    +         Rampage  .   O - +2 pair of gloves {Str+3}
Will     ++++.                  k - +2 pair of boots
Stlth    ..........             e - amulet of regeneration
HPRegen  1.36/turn              P - ring "Coaskob" {rF+ Str+4}
MPRegen  0.17/turn              o - ring of willpower

@: mighty, gold aura, studying Armour, heavily drained
A: permanent stasis, dig shafts and tunnels, antennae 3, four strong arms
}: 2/15 runes: barnacled, gossamer
a: Dig, Renounce Religion, Potion Petition, Call Merchant, Bribe Branch


You were in the Desolation of Salt.
You worshipped Gozag.
Gozag was aware of your devotion.
You visited 7 branches of the dungeon, and saw 35 of its levels.
You visited 1 bazaar.
You also visited: Ossuary, Bailey, Gauntlet, Volcano and Desolation.

You collected 14841 gold pieces.
You spent 3500 gold pieces at shops.
You paid 11032 gold pieces to Gozag.

Inventory:

Hand Weapons
 b - the +8 demon trident "Wosuc" (weapon) {elec, Drain Str+6 Stlth+}
   (You acquired it in a bailey)

   Occasionally, upon striking a foe, it can discharge electrical energy and
   cause terrible harm.
   It affects your strength (+6).
   It drains your maximum health when unequipped.
   It makes you more stealthy.
 u - a +5 vampiric bardiche
Missiles
 p - 8 boomerangs of dispersal
 t - 9 boomerangs (quivered)
 G - 11 throwing nets
 Q - 14 javelins
 W - 7 silver boomerangs
 Y - 2 silver javelins
Armour
 k - a +2 pair of boots (worn)
 n - a +2 cloak of willpower (worn)
 w - the +9 plate armour of Rotten Brilliance (worn) {+Blink rC- rCorr}
   (You bought it in a shop on level 6 of the Lair of Beasts)

   It makes you vulnerable to cold.
   It lets you blink.
   It protects you from acid and corrosion.
 J - the +9 kite shield of Twilight (worn) {rC++}
   (You acquired it on level 6 of the Lair of Beasts)

   It greatly protects you from cold.
 O - a +2 pair of gloves of strength (worn)
Jewellery
 c - a ring of positive energy
 e - an amulet of regeneration (around neck)
 o - a ring of willpower (right hand)
 F - a ring of resist corrosion
 P - the ring "Coaskob" (left hand) {rF+ Str+4}
   (You found it on level 4 of the Spider Nest)

   [ring of protection from fire]

   It affects your strength (+4).
   It protects you from fire.
 U - a ring of protection from fire
Wands
 g - a wand of acid (7)
 H - a wand of iceblast (32)
 I - a wand of mindburst (13)
 K - a wand of paralysis (9)
 R - a wand of flame (125)
 S - a wand of charming (15)
Scrolls
 a - 2 scrolls of silence
 j - 15 scrolls of identify
 l - 7 scrolls of magic mapping
 m - 7 scrolls of fear
 s - a scroll of holy word
 y - 10 scrolls of enchant weapon
 z - 2 scrolls of brand weapon
 C - 2 scrolls of enchant armour
 M - a scroll of summoning
 T - 3 scrolls of immolation
 Z - 3 scrolls of fog
Potions
 d - 7 potions of might
 h - 2 potions of mutation
 i - 8 potions of flight
 q - 5 potions of resistance
 r - a potion of magic
 v - a potion of cancellation
 x - 10 potions of curing
 A - 5 potions of ambrosia
 B - 4 potions of brilliance
 D - 4 potions of heal wounds
 V - 4 potions of invisibility
Miscellaneous
 L - a lightning rod (4/4)
 X - a tin of tremorstones (inert)


   Skills:
 - Level 20.0 Fighting
 + Level 17.5 Polearms
 - Level 10.0 Throwing
 - Level 15.0 Armour
 + Level 7.5 Dodging
 - Level 15.0 Shields
 - Level 20.0 Evocations


You had 20 spell levels left.
You didn't know any spells.
Your spell library contained the following spells:

 Spells                   Type           Power      Damage    Failure   Level
 Animate Skeleton         Necr           0%         N/A       77%         1
 Apportation              Tloc           0%         N/A       77%         1
 Corona                   Hex            0%         N/A       77%         1
 Magic Dart               Conj           0%         1d3       77%         1
 Sandblast                Erth           0%         2d4       77%         1
 Shock                    Conj/Air       0%         1d3       77%         1
 Summon Small Mammal      Summ           0%         N/A       77%         1
 Call Imp                 Summ           0%         N/A       88%         2
 Corpse Rot               Necr/Air       N/A        N/A       88%         2
 Passwall                 Tmut/Erth      0%         N/A       88%         2
 Slow                     Hex            0%         N/A       88%         2
 Static Discharge         Conj/Air       0%         N/A       88%         2
 Sublimation of Blood     Necr           0%         N/A       88%         2
 Confusing Touch          Hex            0%         N/A       98%         3
 Conjure Flame            Conj/Fire      0%         6-21      98%         3
 Gell's Gravitas          Tloc           0%         N/A       98%         3
 Inner Flame              Hex/Fire       0%         N/A       98%         3
 Lesser Beckoning         Tloc           0%         N/A       98%         3
 Mephitic Cloud           Conj/Pois/Air  0%         N/A       98%         3
 Portal Projectile        Hex/Tloc       0%         N/A       98%         3
 Stone Arrow              Conj/Erth      0%         3d7       98%         3
 Teleport Other           Tloc           0%         N/A       98%         3
 Airstrike                Air            0%         N/A       100%        4
 Cause Fear               Hex            0%         N/A       100%        4
 Dispel Undead            Necr           0%         3d6       100%        4
 Leda's Liquefaction      Hex/Erth       0%         N/A       100%        4
 Petrify                  Tmut/Erth      0%         N/A       100%        4
 Summon Lightning Spire   Summ/Air       0%         N/A       100%        4
 Agony                    Necr           0%         N/A       100%        5
 Blade Hands              Tmut           0%         N/A       100%        5
 Bolt of Magma            Conj/Fire/Erth 0%         4d4       100%        5
 Excruciating Wounds      Necr           0%         N/A       100%        5
 Irradiate                Conj/Tmut      0%         3d14      100%        5
 Iskenderun's Battlesphe  Conj           0%         2d6       100%        5
 Lee's Rapid Deconstruct  Erth           0%         3d5*      100%        5
 Lightning Bolt           Conj/Air       0%         1d11      100%        5
 Manifold Assault         Tloc           0%         N/A       100%        5
 Metabolic Englaciation   Hex/Ice        0%         N/A       100%        5
 Silence                  Hex/Air        0%         N/A       100%        5
 Summon Forest            Summ/Tloc      0%         N/A       100%        5
 Yara's Violent Unravell  Hex/Tmut       0%         3d3       100%        5
 Conjure Ball Lightning   Conj/Air       0%         3x3d6     100%        6
 Eringya's Noxious Bog    Tmut/Pois      0%         N/A       100%        6
 Iron Shot                Conj/Erth      0%         9d1       100%        6
 Statue Form              Tmut/Erth      0%         N/A       100%        6
 Dragon Form              Tmut           0%         N/A       100%        7
 Orb of Destruction       Conj           0%         N/A       100%        7
 Spellforged Servitor     Conj/Summ      0%         N/A       100%        7
 Storm Form               Tmut/Air       0%         N/A       100%        7
 Summon Hydra             Summ           0%         N/A       100%        7
 Blink                    Tloc           Unusable   N/A       N/A         2
 Swiftness                Air            Unusable   N/A       N/A         3

Dungeon Overview and Level Annotations

Branches:
Dungeon (15/15)            Temple (1/1) D:4            Lair (6/6) D:10
 Shoals (4/4) Lair:2       Spider (4/4) Lair:3        Slime (0/5) Lair:5
    Orc (2/2) D:10            Elf (0/3) Orc:2        Vaults (3/5) D:13
  Crypt (0/3) Vaults:2     Depths (0/5) D:15        Ossuary (visited)
 Bailey (visited)         Volcano (visited)         Desolation (1/1)
Gauntlet (visited)

Altars:
Ashenzari
Cheibriados
Gozag
Makhleb
Nemelex Xobeh
Ru
The Shining One
Beogh
Jiyva

Shops:
D:8 (   D:11 *[=   D:13 [   D:14 =   Orc:2 [*?[:*!   Lair:2 *?   Lair:6 [
Shoals:4 (   Spider:2 =


Innate Abilities, Weirdness & Mutations

You cannot be hasted, slowed, berserked, paralysed or teleported.
You can dig through walls and to a lower floor.
You have a pair of large antennae on your head. (SInv)
Your four strong arms can wield two-handed weapons with a shield.


Message History

You puncture the halazid warlock!
The halazid warlock is heavily damaged.
You block the saltling's attack. The saltling hits you!
The saltling is distracted by your dazzling golden aura.
The halazid warlock casts a spell at the saltling.
The saltling's animating energy erupts into ghostly fire!
The ghostly flame explodes!
The ghostly fireball engulfs the saltling.
The saltling completely resists.
The ghostly fireball engulfs the saltling.
The saltling completely resists.
The saltling is no longer distracted by gold.
The ghostly fireball engulfs the saltling.
The saltling completely resists.
The ghostly fireball engulfs you!!!
You feel drained.
* * * LOW HITPOINT WARNING * * *
You barely miss the halazid warlock.
The halazid warlock is heavily damaged.
You block the saltling's attack.
The ironbound convoker points at the +1 flail of protection and mumbles some strange words.
The +1 flail of protection seems to grow stronger.
You block the saltling's attack.
You perforate the halazid warlock like a sieve!!!
The halazid warlock is almost destroyed.
The saltling is no longer distracted by gold.
You block the saltling's attack.
The halazid warlock touches you but does no damage.
You barely miss the halazid warlock.
The halazid warlock is almost destroyed.
You block the saltling's attack.
The saltling is distracted by your dazzling golden aura. x2
You block the saltling's attack.
You miss the halazid warlock.
The halazid warlock is almost destroyed.
The +1 flail of protection is no longer distracted by gold.
The saltling is no longer distracted by gold.
The halazid warlock gestures at you while chanting.
The bolt of negative energy hits you!!
You feel drained.
You die...
Your body crumbles into a pile of gold.

..... §....#
§..... # #....###
#.#....#.## ##...
=.:.......#......
[)#....888#......
#.:...{#@# .8....
##88a8L###......
....8(8#{#.......
.....pa{{........
#...aS.{....a....
.................
.................
p§§..............
.................


You could see a ragged hierophant, 2 servants of whispers, a halazid warlock, an
ironbound convoker (summoned), a guardian serpent (summoned), 6 saltlings and a
+1 flail of protection (summoned, strong).

Vanquished Creatures
  Mennas (Vaults:2)
  Jorgrun (Orc:1)
  The ghost of Ismar the Stormcaller, an adept TeWz of Fedhas (Shoals:1)
  A kraken (Shoals:2)
  A sphinx (Vaults:1)
  6 ghost moths
  The ghost of Ytemoxif the Thaumaturge, an adept OpVM of Sif Muna (Shoals:1)
  5 emperor scorpions
  An orc warlord (Orc:2)
  Aizul (Shoals:1)
  5 vault wardens
  11 ironbound preservers
  A vampire knight (Vaults:2)
  Nessos (D:15)
  Azrael (D:15)
  A dire elephant (Lair:6)
  7 entropy weavers
  2 spark wasps (Spider:4)
  A halazid warlock (Desolation)
  A minotaur (Gauntlet)
  Snorg (D:11)
  3 merfolk impalers
  A crystal guardian (Desolation)
  Josephine (Shoals:1)
  2 ettins
  A ragged hierophant (Vaults:3)
  6 yaktaur captains
  5 servants of whispers
  10 hydras
  Harold (D:10)
  6 boulder beetles
  3 ironbound thunderhulks
  2 peacekeepers (Desolation)
  An ogre mage (D:13)
  8 vault guards
  2 catoblepae
  11 centaur warriors
  5 merfolk avatars
  3 tengu warriors
  4 merfolk aquamancers
  3 alligator snapping turtles
  4 two-headed ogres
  7 ironbound frosthearts
  4 satyrs
  An orc high priest (Orc:2)
  A titan zombie (Vaults:2)
  10 death yaks
  A death yak (shapeshifter) (Vaults:2)
  Urug (Lair:6)
  3 ironbound beastmasters
  10 sea snakes
  5 wizards
  A glowing orange brain (Vaults:2)
  34 deep trolls
  7 ironbound convokers
  3 necromancers
  5 lindwurms
  A wolf spider zombie (D:9)
  25 orb spiders
  7 orc knights
  29 wolf spiders
  4 deep elf pyromancers
  35 harpies
  A frost giant zombie (Vaults:2)
  6 elephants
  30 ugly things
  2 orc sorcerers
  3 cyclopes
  20 fauns
  5 moths of wrath
  8 manticores
  An ice statue (Gauntlet)
  6 water nymphs
  7 vault sentinels
  11 merfolk sirens
  A guardian serpent (shapeshifter) (D:13)
  5 black mambas
  A guardian serpent (Desolation)
  5 torpor snails
  4 gargoyles
  15 cane toads
  5 yaktaurs
  A freezing wraith (D:15)
  6 rime drakes
  4 tengu conjurers
  24 demonic crawlers
  17 komodo dragons
  3 hellwings (D:9)
  2 efreet
  An ice devil (Gauntlet)
  4 trolls
  39 jumping spiders
  3 meliai (D:15)
  A merfolk (shapeshifter) (D:14)
  10 polar bears
  A raiju (Gauntlet)
  7 wind drakes
  16 merfolk
  9 saltlings
  13 slime creatures
  11 hornets
  11 snapping turtles
  4 blink frogs (Lair:6)
  7 dream sheep
  2 centaur simulacra (Gauntlet)
  An ettin skeleton (Vaults:2)
  72 redbacks
  2 shadows
  11 water elementals
  9 wraiths
  35 tarantellas
  7 wyverns
  4 vampires
  2 fire elementals (D:15)
  42 yaks
  8 basilisks
  A human (D:13)
  4 vampire mosquitoes (D:13)
  Menkaure (D:5)
  Edmund (D:4)
  A warg (Orc:1)
  Duvessa (D:4)
  An acid dragon (D:10)
  A hydra simulacrum (Gauntlet)
  23 water moccasins
  5 hell hounds (D:15)
  A sky beast (D:5)
  A hornet zombie (D:8)
  2 necrophages
  9 ogres
  2 elephant zombies (Lair:3)
  62 orc warriors
  8 black bears
  An ice beast (Vaults:2)
  12 centaurs
  16 wolves
  A phantom (D:3)
  An elf zombie (D:6)
  8 bullfrogs
  A gnoll sergeant (D:11)
  2 scorpions
  2 wyvern zombies (D:8)
  Dowan (D:4)
  2 elf skeletons (D:6)
  3 killer bees
  3 wights (D:9)
  11 electric eels
  5 centaur zombies
  2 human zombies
  4 hounds
  3 jellies
  Crazy Yiuf (D:3)
  2 gnoll shamans
  22 orc priests
  2 basilisk zombies (Lair:3)
  A bullfrog skeleton (D:6)
  2 human skeletons (D:6)
  4 hell rats (Lair:3)
  An iguana (D:6)
  22 orc wizards
  A killer bee zombie (D:7)
  A hound zombie (D:5)
  A hound skeleton (D:4)
  5 mummies (Ossuary)
  Robin (D:3)
  13 gnolls
  6 adders
  A shadow imp (D:5)
  4 white imps
  2 adder skeletons
  6 worms (D:2)
  A dart slug (D:1)
  111 orcs
  8 bats
  7 endoplasms
  4 giant cockroaches
  11 hobgoblins
  4 jackals
  A quokka (D:3)
  8 ball pythons
  2 frilled lizards
  17 goblins
  2 goblin zombies (Ossuary)
  2 hobgoblin zombies (Ossuary)
  A jackal skeleton (D:4)
  7 kobolds
  A kobold zombie (Ossuary)
  An orc skeleton (D:6)
  An orc zombie (Ossuary)
  3 rats
  4 tentacles (Shoals:2)
1348 creatures vanquished.

Vanquished Creatures (collateral kills)
  A saltling (Desolation)
1 creature vanquished.

Vanquished Creatures (others)
  Asterion (Vaults:2)
  A saltling (Desolation)
  An orc warrior (Bailey)
  An orc (D:8)
  2 bushes (Lair:6)
  20 fungi
  186 plants
  3 tentacles (Shoals:2)
215 creatures vanquished.

Grand Total: 1564 creatures vanquished

Notes
Turn   | Place    | Note
-------+----------+-------------------------------------------
     0 | D:1      | Delamore the Formicid Fighter began the quest for the Orb.
     0 | D:1      | Reached XP level 1. HP: 18/18 MP: 1/1
    71 | D:1      | You fall into a shaft and drop 1 floor!
   393 | D:1      | Reached XP level 2. HP: 24/24 MP: 2/2
   557 | D:1      | Found a faded altar of an unknown god.
   622 | D:1      | Reached XP level 3. HP: 28/30 MP: 3/3
  1300 | D:2      | Reached XP level 4. HP: 20/37 MP: 4/4
  1923 | D:2      | Identified a scroll of acquirement
  1923 | D:2      | Acquired a manual of Fighting
  2499 | D:3      | Noticed a phantom
  2521 | D:3      | Killed a phantom
  2522 | D:3      | Reached XP level 5. HP: 13/43 MP: 5/5
  2753 | D:3      | Reached skill level 5 in Fighting
  2755 | D:3      | Noticed Robin
  2999 | D:3      | Killed Robin
  3116 | D:3      | Reached XP level 6. HP: 47/51 MP: 6/6
  3203 | D:3      | Reached skill level 5 in Polearms
  3837 | D:3      | Found a runed translucent door.
  3838 | D:3      | Noticed Crazy Yiuf
  3850 | D:3      | Killed Crazy Yiuf
  3954 | D:4      | Noticed an ogre
  3973 | D:4      | Killed an ogre
  4023 | D:4      | Noticed Edmund
  4025 | D:4      | Reached XP level 7. HP: 59/59 MP: 7/7
  4041 | D:4      | Killed Edmund
  4291 | D:4      | Found a staircase to the Ecumenical Temple.
  4424 | Temple   | Entered the Ecumenical Temple
  4480 | Temple   | Became a worshipper of Gozag Ym Sagoz the Greedy
  4585 | D:4      | Noticed Dowan
  4586 | D:4      | Noticed Duvessa
  4604 | D:4      | Killed Duvessa
  4605 | D:4      | Reached XP level 8. HP: 40/68 MP: 8/8
  4614 | D:4      | Killed Dowan
  4930 | D:5      | Entered Level 5 of the Dungeon
  4980 | D:5      | Noticed Menkaure
  5001 | D:5      | Killed Menkaure
  5349 | D:5      | Reached XP level 9. HP: 75/77 MP: 9/9
  5803 | D:6      | Found a sand-covered staircase.
  5811 | D:6      | Reached skill level 10 in Fighting
  5815 | Ossuary  | Entered an ossuary
  6210 | D:6      | Found a sacrificial altar of Ru.
  6219 | D:6      | Reached skill level 10 in Polearms
  7010 | D:7      | Reached XP level 10. HP: 74/85 MP: 10/10
  7279 | D:7      | Reached skill level 5 in Shields
  9518 | D:9      | Found the +4 Cigotuvi's embrace {rMiasma Drain rN+}
  9544 | D:9      | Reached XP level 11. HP: 31/90 MP: 11/11
  9966 | D:9      | Reached skill level 1 in Evocations
 10104 | D:10     | Entered Level 10 of the Dungeon
 10105 | D:10     | Noticed a two-headed ogre
 10106 | D:10     | Noticed Harold
 10117 | D:9      | Killed a two-headed ogre
 10187 | D:10     | Found a flagged portal.
 10193 | D:10     | Noticed a boulder beetle
 10210 | Bailey   | Entered a bailey
 10319 | Bailey   | Reached skill level 5 in Armour
 10983 | Bailey   | Noticed an orc knight
 11106 | Bailey   | Killed an orc knight
 11302 | Bailey   | Reached skill level 5 in Evocations
 11541 | Bailey   | Acquired the +8 demon trident "Wosuc" {elec, Drain Str+6
                  | Stlth+}
 11564 | D:10     | Killed a boulder beetle
 11636 | D:10     | Found a staircase to the Orcish Mines.
 11642 | D:10     | Reached XP level 12. HP: 97/97 MP: 12/12
 11714 | D:10     | Killed Harold
 12078 | D:10     | Found a staircase to the Lair.
 12323 | Lair:1   | Entered Level 1 of the Lair of Beasts
 12345 | Lair:1   | Reached skill level 10 in Armour
 12348 | Lair:1   | Found a gate leading to a gauntlet.
 12365 | Gauntlet | Entered a Gauntlet
 12365 | Gauntlet | Found a transporter.
 12373 | Gauntlet | Found a transporter.
 12374 | Gauntlet | Found a transporter.
 12378 | Gauntlet | Found a transporter.
 12385 | Gauntlet | Found a transporter.
 12389 | Gauntlet | Found a transporter.
 12394 | Gauntlet | Found a transporter.
 12404 | Gauntlet | Found a transporter.
 12405 | Gauntlet | Found a transporter.
 12410 | Gauntlet | Found a transporter.
 12413 | Gauntlet | Found a runed translucent gate.
 12413 | Gauntlet | Found a runed translucent gate.
 12413 | Gauntlet | Found a runed translucent gate.
 12417 | Gauntlet | Found a transporter.
 12421 | Gauntlet | Found a transporter.
 12426 | Gauntlet | Found a transporter.
 12433 | Gauntlet | Found a transporter.
 12839 | Gauntlet | Noticed a minotaur
 12844 | Gauntlet | Killed a minotaur
 12845 | Gauntlet | Reached skill level 10 in Evocations
 12866 | Lair:1   | Found a burning altar of Makhleb.
 13034 | Lair:1   | Noticed a seven-headed hydra
 13046 | Lair:1   | Killed a seven-headed hydra
 13155 | Lair:1   | Reached XP level 13. HP: 104/104 MP: 13/13
 13161 | Lair:1   | Noticed an eight-headed hydra
 13169 | Lair:1   | Killed an eight-headed hydra
 13505 | Lair:2   | Noticed a catoblepas
 13513 | Lair:2   | Killed a catoblepas
 13734 | Lair:2   | Found a staircase to the Shoals.
 13870 | Lair:2   | Noticed a five-headed hydra
 13879 | Lair:2   | Killed a five-headed hydra
 14101 | Lair:2   | Bought a scroll of identify for 38 gold pieces
 14101 | Lair:2   | Bought a scroll of identify for 38 gold pieces
 14510 | Lair:3   | Found a hole to the Spider Nest.
 14523 | Lair:3   | Reached skill level 10 in Shields
 14665 | Lair:3   | Reached skill level 15 in Polearms
 14742 | Lair:3   | Reached XP level 14. HP: 47/119 MP: 14/14
 16145 | Lair:5   | Found a dark tunnel.
 16164 | Volcano  | Entered a volcano
 17039 | Lair:5   | Found a viscous altar of Jiyva.
 17040 | Lair:5   | Found a staircase to the Slime Pits.
 17129 | Lair:6   | Entered Level 6 of the Lair of Beasts
 17160 | Lair:6   | Noticed Urug
 17169 | Lair:6   | Killed Urug
 17206 | Lair:6   | Bought a pair of transparent gloves for 256 gold pieces
 17206 | Lair:6   | Identified the +2 pair of gloves "Jauwavan" {rN++ Str-4
                  | Dex+4} (You bought it in a shop on level 6 of the Lair of
                  | Beasts)
 17206 | Lair:6   | Bought a shimmering plate armour for 756 gold pieces
 17206 | Lair:6   | Identified the +9 plate armour of Rotten Brilliance {+Blink
                  | rC- rCorr} (You bought it in a shop on level 6 of the Lair
                  | of Beasts)
 17276 | Lair:6   | HP: 1/121 [komodo dragon (20)]
 17280 | Lair:6   | Reached skill level 15 in Fighting
 17534 | Lair:6   | Noticed a dire elephant
 17587 | Lair:6   | Killed a dire elephant
 17680 | Lair:6   | Reached XP level 15. HP: 97/129 MP: 15/15
 18040 | Lair:6   | Reached skill level 15 in Shields
 18048 | Lair:6   | Reached skill level 1 in Throwing
 18531 | Lair:6   | Found the +5 demon whip "Spellbinder" {antimagic, Will+}
 18547 | Lair:6   | Identified the +3 mace of the Land of Plenty {holy, rPois
                  | rF+}
 18550 | Lair:6   | Identified the +11 broad axe "Xih Lafoi" {venom, Str+3}
 18563 | Lair:6   | Acquired the +9 kite shield of Twilight {rC++}
 19216 | Orc:1    | Entered Level 1 of the Orcish Mines
 19488 | Orc:1    | Noticed Jorgrun
 19493 | Orc:1    | Reached skill level 5 in Throwing
 19510 | Orc:1    | Killed Jorgrun
 19729 | Orc:2    | Entered Level 2 of the Orcish Mines
 19729 | Orc:2    | Found Maogohon's General Store.
 19729 | Orc:2    | Noticed an orc warlord
 19816 | Orc:2    | Found Kerud's Armour Boutique.
 19855 | Orc:2    | Found Mood's Magic Scroll Shop.
 20181 | Orc:2    | Found a staircase to the Elven Halls.
 20234 | Orc:2    | Killed an orc warlord
 20357 | Orc:2    | Bought a scroll of magic mapping for 59 gold pieces
 20357 | Orc:2    | Bought a scroll of fear for 59 gold pieces
 20758 | Orc:2    | Found Heys's General Store.
 20758 | Orc:2    | Found Ziddeine's Book Emporium.
 20760 | Orc:2    | Found Jagamm's Antique Armour Shoppe.
 20762 | Orc:2    | Found Wurchuyhi's Distillery.
 20766 | Orc:2    | Bought a scroll of fear for 45 gold pieces
 20766 | Orc:2    | Bought a scroll of fog for 26 gold pieces
 20774 | Orc:2    | Bought a potion of heal wounds for 60 gold pieces
 20774 | Orc:2    | Bought a potion of curing for 36 gold pieces
 20774 | Orc:2    | Bought a potion of heal wounds for 60 gold pieces
 20774 | Orc:2    | Bought 2 potions of curing for 72 gold pieces
 20992 | D:11     | Bought a potion of heal wounds for 60 gold pieces
 21011 | D:11     | Reached XP level 16. HP: 133/136 MP: 16/16
 21215 | D:11     | Found Borup's Jewellery Boutique.
 21222 | D:11     | Noticed Snorg
 21233 | D:11     | Killed Snorg
 21904 | D:12     | Reached skill level 10 in Throwing
 22417 | D:13     | Found a gate to the Vaults.
 24010 | D:15     | Entered Level 15 of the Dungeon
 24113 | D:15     | Found a staircase to the Depths.
 24185 | D:15     | Found a snail-covered altar of Cheibriados.
 24202 | D:15     | Reached XP level 17. HP: 136/145 MP: 17/17
 24293 | D:15     | Noticed Nessos
 24301 | D:15     | Killed Nessos
 24389 | D:15     | Noticed Azrael
 24394 | D:15     | Killed Azrael
 24884 | Spider:1 | Entered Level 1 of the Spider Nest
 26058 | Spider:2 | Found the +2 hat of the Bear Spirit {Spirit, +Rage rN+
                  | Will++}
 27319 | Spider:3 | Reached XP level 18. HP: 156/156 MP: 18/18
 27925 | Spider:3 | Reached skill level 15 in Evocations
 28281 | Spider:4 | Entered Level 4 of the Spider Nest
 28299 | Spider:4 | Identified the ring "Coaskob" {rF+ Str+4}
 29387 | Spider:4 | Reached XP level 19. HP: 65/167 MP: 2/19
 29507 | Spider:4 | Got a gossamer rune of Zot
 29666 | Shoals:1 | Entered Level 1 of the Shoals
 29705 | Lair:2   | Bought a scroll of magic mapping for 73 gold pieces
 29705 | Lair:2   | Bought a scroll of fear for 73 gold pieces
 29705 | Lair:2   | Bought a scroll of fear for 73 gold pieces
 29705 | Lair:2   | Bought a scroll of magic mapping for 73 gold pieces
 29705 | Lair:2   | Bought a scroll of fear for 73 gold pieces
 30080 | Shoals:1 | Noticed Aizul
 30111 | Shoals:1 | Killed Aizul
 30234 | Shoals:1 | Found a runed translucent gate.
 30234 | Shoals:1 | Found a runed translucent gate.
 30235 | Shoals:1 | Noticed Ismar's ghost (adept TeWz)
 30236 | Shoals:1 | Noticed Ytemoxif's ghost (adept OpVM)
 30237 | Shoals:1 | Found a runed translucent gate.
 30460 | Shoals:1 | Noticed Josephine
 30471 | Shoals:1 | Killed Josephine
 30711 | Shoals:1 | Killed Ismar's ghost
 30744 | Shoals:1 | Killed Ytemoxif's ghost
 31067 | Shoals:2 | Identified the amulet "Hoji" {Faith Int+3 SInv}
 31633 | Shoals:3 | Found a runed translucent door.
 32351 | Shoals:4 | Entered Level 4 of the Shoals
 32356 | Shoals:4 | Found Tioriuro's Weapon Shoppe.
 32715 | Shoals:4 | Reached skill level 1 in Dodging
 32715 | Shoals:4 | Reached XP level 20. HP: 111/176 MP: 20/20
 32953 | Shoals:4 | Got a barnacled rune of Zot
 33720 | Vaults:1 | Entered Level 1 of the Vaults
 35536 | Vaults:2 | Reached skill level 5 in Dodging
 35708 | Vaults:2 | Reached XP level 21. HP: 169/183 MP: 21/21
 35764 | Vaults:2 | Found a flickering gateway to a bazaar.
 35780 | Bazaar   | Entered a bazaar
 35780 | Bazaar   | Found Giraket's Jewellery Boutique.
 35787 | Bazaar   | Found Iloficom's Antique Armour Shoppe.
 35807 | Bazaar   | Found Quineito's Magic Scroll Boutique.
 35818 | Bazaar   | Found Dioreit's General Store.
 35826 | Bazaar   | Found Mumon's Antique Weapon Emporium.
 35856 | Bazaar   | Bought a steaming plate armour for 728 gold pieces
 35856 | Bazaar   | Identified the +3 plate armour of the Great Game {Contam
                  | rC+ Will+} (You bought it in a shop in a bazaar)
 35878 | Bazaar   | Bought a scroll of fog for 26 gold pieces
 35878 | Bazaar   | Bought a potion of curing for 39 gold pieces
 35878 | Bazaar   | Bought a +5 vampiric bardiche for 702 gold pieces
 35889 | Bazaar   | Bought a scroll of enchant armour for 75 gold pieces
 36123 | Vaults:2 | Found a staircase to the Crypt.
 36258 | Vaults:2 | Noticed Asterion
 36274 | Vaults:2 | Killed Asterion
 36379 | Vaults:2 | Noticed Mennas
 36409 | Vaults:2 | Killed Mennas
 37305 | Vaults:3 | Found a ruined gateway.
 37335 | Desolati | Entered the Desolation of Salt
 37362 | Desolati | Identified the +1 shortbow of the Twisting King {freeze,
                  | rC+ Str+2 Dex+2}
 37373 | Desolati | Reached skill level 15 in Armour
 37417 | Desolati | Identified the amulet "Zigehowimm" {RegenMP Harm rF+ rCorr}
 37424 | Desolati | Killed from afar by a halazid warlock

Illustrated notes

Levels and vault maps discovered:
D:1:      eino_arrival_water_star, layout_basic, ebering_ecumenical_altar_rust
D:2:      minmay_kobold_bridge, layout_basic, minmay_quadrilaterals
D:3:      layout_loops_ring, uniq_crazy_yiuf_cottage, uniq_robin
D:4:      layout_cave_pools, lemuel_temple_firewalk_a, minmay_misc_feat_iff,
          uniq_edmund, uniq_duvessa
D:5:      layout_rooms, dk_vineyard_1, st_stairs_4, uniq_menkaure
D:6:      layout_loops_ring, nicolae_ru_sacrificial_ziggurat,
          nicolae_ossuary_entry_catacombs, chequers_serial_rivers_micro_c
D:7:      layout_cave_pods
D:8:      layout_loops_corners, serial_bayou_lagoon_a
D:9:      layout_rooms, hellmonk_guarded_unrand_cigotuvi
D:10:     layout_cave_pools, erik_lair_dragon, david_orc_2, enter_bailey_2,
          chequers_serial_rivers_micro_a, uniq_harold
D:11:     layout_loops_ring, special_room [special_room_orc], serial_shops,
          nicolae_square_shop, uniq_snorg
D:12:     layout_rooms
D:13:     layout_small_grid, grunt_vaults_entry_fortified, hex_large
D:14:     layout_cave_pods, minivault_23
D:15:     hangedman_depths_entry_civil_slaughter, layout_cave_pools,
          old_standard_altar, uniq_nessos, uniq_azrael
Temple:   roderic_octagonal_lattice_temple
Lair:1:   beast_lair_carwin_large_2, layout_hall_layers, basic_altar,
          gauntlet_entry_generic
Lair:2:   layout_hall_layers, elwin_shoals_entry_rooms, serial_bayou,
          serial_bayou_pond_c, serial_bayou_ford_a
Lair:3:   pond_and_an_island_with_a_cottage, layout_misc_corridors,
          spider_nest_entry_funnel_web, nicolae_quartered_pool_medium,
          serial_bayou_pond_a, nicolae_lair_grove_arrangements,
          beast_lair_carwin_1
Lair:4:   layout_regular_city, grunt_megastairs_3, infiniplex_staircase_pool_2,
          lemuel_fruit_tree
Lair:5:   layout_loops_ring, dpeg_slime_entry_enclosed_altar,
          nicolae_volcano_entry_vermiform, st_stairs_8
Lair:6:   gammafunk_lair_ancient_temple, layout_cave_pods, uniq_urug
Shoals:1: layout_shoals, gammafunk_ghost_cemetery, uniq_josephine, uniq_aizul
Shoals:2: cheibrodos_shoals_roost, layout_shoals, nicolae_shoals_lost_giant_hut
Shoals:3: layout_shoals, lightli_airlock
Shoals:4: shoals_end_grunt_garden, layout_shoals, serial_shops, shop_fountains
Spider:1: layout_spider_delve, nicolae_spider_checkerboard
Spider:2: layout_spider_delve, nicolae_spider_some_kinda_spiderbox
Spider:3: layout_spider_delve
Spider:4: grunt_spider_rune_island
Orc:1:    layout_caves, uniq_jorgrun
Orc:2:    st_orc_rangers, layout_diamond_mine, serial_shops,
          nicolae_shop_crystal, shop, shop_fountains, mines2_lemuel
Vaults:1: nicolae_vaults_twisting_passages, hangedman_vaults_cutoff,
          vaults_room_grunt_arrival_checkpoint,
          nicolae_vaults_diagonal_hallway_6, vaults_room_door_ring,
          vaults_room_hallway, vaults_dpeg_diagonal, hangedman_vaults_cutoff,
          vaults_room_grunt_arrival_ludios, grunt_vaults_focal,
          layout_vaults_omnigrid
Vaults:2: nicolae_vaults_halls_meeting, grunt_vaults_swirl,
          minmay_crypt_entry_vampire_xt, vaults_mumra_hex, vaults_room_boxed,
          serial_ice_g, nicolae_vaults_angled_halls,
          ontoclasm_vaults_loading_screen, nicolae_vaults_ring_of_whatevers,
          v_alt_pattern_2, v_pattern_2, ontoclasm_vaults_chip,
          ontoclasm_vaults_shuriken, layout_vaults_omnibox, serial_shops,
          bzr_entry_water, uniq_asterion, uniq_mennas
Vaults:3: vaults_room_large_hall, vaults_room_hallway,
          vaults_standard_mumra_enter_the_diamond,
          nicolae_vaults_diagonal_hallway_8, st_more_cells,
          nicolae_vaults_ring_of_whatevers, serial_ice_g,
          nicolae_vaults_little_squares_2, v_misc_1, hangedman_vaults_nodes,
          ontoclasm_vaults_gateway, nicolae_vaults_triangles,
          ontoclasm_vaults_spin, nicolae_vaults_little_squares_5,
          hangedman_vaults_capsules, layout_vaults_maze_bifur,
          portal_desolation_entry_salt
Desolation

Skill      XL: |  1  2  3  4  5  6  7  8  9 10 11 12 13 14 15 16 17 18 19 20 21 |
---------------+----------------------------------------------------------------+-----
Polearms       | 3 4 5 7 8 11 13 14 15 16 17 | 17.5
Fighting       | 4 5 6 7 9 10 13 15 16 17 19 20 | 20.0
Shields        | 4 7 10 13 15 | 15.0
Evocations     | 5 10 12 14 16 18 19 20 | 20.0
Armour         | 7 10 13 15 | 15.0
Throwing       | 8 10 | 10.0
Dodging        | 1 5 7 |  7.5

Action                   |  1- 3 |  4- 6 |  7- 9 | 10-12 | 13-15 | 16-18 | 19-21 || total
-------------------------+-------+-------+-------+-------+-------+-------+-------++-------
Melee: Trident           |    97 |   126 |    13 |    15 |       |       |       ||   251
       Dagger            |    16 |    93 |   198 |       |       |       |       ||   307
       Spear             |       |       |   228 |   459 |       |       |       ||   687
       Halberd           |       |       |       |    23 |       |       |       ||    23
       Demon trident     |       |       |       |   155 |  1021 |  1339 |  1519 ||  4034
Throw: Dart              |       |    10 |    11 |    48 |       |       |       ||    69
       Boomerang         |       |       |       |    17 |    56 |       |    92 ||   165
Invok: Potion Petition   |       |       |       |     4 |       |       |     2 ||     6
       Call Merchant     |       |       |       |     1 |     4 |     2 |     2 ||     9
 Abil: Dig               |     3 |     2 |    12 |     8 |    10 |     4 |     1 ||    40
Evoke: Wand              |       |       |       |    36 |     1 |     1 |     7 ||    45
       Lightning rod     |       |       |       |     4 |       |       |     2 ||     6
       Tin of tremorston |       |       |       |       |       |     2 |     5 ||     7
  Use: Scroll            |     2 |     3 |     5 |    13 |     9 |     1 |    10 ||    43
       Potion            |       |       |       |     4 |     4 |     3 |     5 ||    16
 Stab: Distracted        |       |       |     1 |     3 |    12 |    13 |     7 ||    36
       Invisible         |       |       |       |     6 |       |       |       ||     6
       Paralysed         |       |       |       |     5 |       |       |       ||     5
       Sleeping          |       |       |       |     8 |    11 |       |       ||    19
       Held in net/web   |       |       |       |       |       |     3 |       ||     3
Armor: Scale mail        |    33 |    67 |   116 |    31 |       |       |       ||   247
       Leather armour    |       |       |       |    47 |   102 |       |       ||   149
       Plate armour      |       |       |       |       |    43 |   427 |   363 ||   833
Dodge: Dodged            |    28 |    48 |   107 |   153 |   162 |   166 |   176 ||   840
Block: Kite shield       |    48 |   109 |   176 |   316 |   478 |  1056 |  1080 ||  3263

Table legend: (Time is in decaauts)
 A = Elapsed time spent in this place.
 B = Non-inter-level travel time spent in this place.
 C = Inter-level travel time spent in this place.
 D = Time resting spent in this place.
 E = Time spent auto-exploring this place.
 F = Levels seen in this place.
 G = Mean time per level.
                   A        B        C        D        E       F      G
               +--------+--------+--------+--------+--------+-----+--------+
         Total |  36183 |  33910 |   2273 |   3046 |  21721 |  41 |  882.5 |
       Dungeon |  14552 |  13430 |   1122 |   1271 |   9262 |  15 |  970.1 |
        Temple |     71 |     41 |     30 |      0 |     39 |   1 |   71.0 |
          Lair |   6119 |   5544 |    575 |    317 |   3844 |   6 | 1019.8 |
        Shoals |   3802 |   3614 |    188 |    225 |   2329 |   4 |  950.5 |
   Spider Nest |   4401 |   4264 |    137 |    509 |   2728 |   4 | 1100.2 |
  Orcish Mines |   1508 |   1389 |    119 |    164 |    751 |   2 |  754.0 |
        Vaults |   3221 |   3122 |     99 |    272 |   2041 |   3 | 1073.7 |
        Bazaar |    121 |    121 |      0 |      0 |     56 |   1 |  121.0 |
       Ossuary |    284 |    284 |      0 |      0 |    191 |   1 |  284.0 |
        Bailey |   1308 |   1308 |      0 |    157 |    430 |   1 | 1308.0 |
       Volcano |    256 |    256 |      0 |      0 |     21 |   1 |  256.0 |
    Desolation |     66 |     66 |      0 |      0 |      0 |   1 |   66.0 |
      Gauntlet |    470 |    470 |      0 |    131 |     29 |   1 |  470.0 |
               +--------+--------+--------+--------+--------+-----+--------+

Top non-repeatable levels by time:
     D:2: 2046 daAuts
Vaults:2: 1654 daAuts
  Lair:6: 1651 daAuts
Vaults:1: 1508 daAuts
Spider:2: 1444 daAuts
     D:3: 1343 daAuts
  Bailey: 1308 daAuts
     D:8: 1217 daAuts
Spider:4: 1186 daAuts
  Lair:5: 1144 daAuts
Shoals:4: 1120 daAuts
Shoals:1: 1087 daAuts
     D:4: 1045 daAuts
  Lair:3: 1023 daAuts
    D:10: 1013 daAuts
